← All builds
Front / Armada / Economy first / OBSERVED BUILD

Stout rush

Front skips early economy expansion to push Stout tanks out of the Vehicle Plant by 4:38, reaching a real Stout push around 7:00 to fight forward at middle before falling back on a delayed Bot Lab and mex.

#rush #push · 23 distinct matches · 11 players · 2% of Armada Front games · team won 35% of 23 · Recently observed

THE CATCH, AND WHAT COMES WITH IT
  • StoutT1 vehicle assault from 4:38 · 8% of role by thenFrom the Vehicle Plant. Only 8% of Front games have it by then; others who build it get it around 8:05
  • StoutStout in 78%2% of all Front games by then
  • ShellshockerArty in 52%11% of all Front games by then

Where those units first fight, in 23 games with kill data: in the middle 100%.

Those units destroy a typical 1,073 metal of enemy units by 15:00.

Then transitions into janus (10% of army), blitz (10% of army).

HOW TO PLAY IT

Key timing: Stout push by 4:38

  1. Open Vehicle Plant fast, then mex and solar as usual.
  2. Add Shellshocker artillery to back the coming push.
  3. Commit to Stout-led T1 vehicle assault at middle.
  4. Keep Stout flowing as the main force at front.
  5. Bring Bot Lab online as the push transitions.

Phase by phase

TYPICAL OF ITS 23 GAMES · AGAINST STANDARD FRONT
  1. 1
  2. 2
  3. 3
PLAY THE OPENING

Follow the example game's first 6:00 step by step: what to build now, what comes next, and where it goes. At 1× it keeps pace with your own game.

  1. 1

    Up to the Vehicle Plant

    Economy
    • Metal Extractor2Mex
    Order
    1. Vehicle PlantVehicle Plant after 2 mexdone ~0:42, middle half 0:35–0:48

    Some games also: wind (43%)

    By 0:23 in all: 2 mex

    The example game in this phase · 2 steps
    1. Mex
    2. Vehicle PlantVehicle Plantdone 0:29 · typical 0:42
  2. 2

    Vehicle Plant to T1 vehicle assault

    Economy
    • Metal Extractor5Mex
    • Wind Turbine3Wind
    Order
    1. StoutT1 vehicle assault after 6 mex, 3 wind
    Builders
    • Construction Vehicle2 Con vehicle
    Army
    • Sentry2 Sentry
    • Janus3 Janus
    • Rover2 Scout
    • Blitz1 Blitz

    Some games also: arty (39%) · con turret (35%) · Radar Tower (30%)

    By 4:33 in all: 6 mex · 3 wind (standard 5)

    The example game in this phase · 24 steps
    1. RoverScout
    2. Mex
    3. Solar
    4. RoverScout
    5. Construction VehicleCon vehicle
    6. Wind
    7. BlitzBlitz
    8. Mex
    9. BlitzBlitz ×3
    10. Mex
    11. BlitzBlitz ×2
    12. Mex
    13. BlitzBlitz ×2
    14. Mex
    15. JanusJanus
    16. SentrySentry
    17. JanusJanus
    18. SentrySentry
    19. JanusJanus
    20. Construction VehicleCon vehicle
    21. JanusJanus
    22. SentrySentry
    23. JanusJanus
    24. StoutStoutdone 3:59
  3. 3

    T1 vehicle assault to 10:00

    Economy
    • Metal Extractor1Mex
    • Wind Turbine14Wind−5 vs standard
    • Energy Converter1Converter
    • Energy Storage1Energy storage
    Builders
    • Construction Turret2 Con turret
    • Construction Vehicle2 Con vehicle +2 vs standard
    Army
    • Sentry1 Sentry
    • Stout10 Stout +10 vs standard

    Some games also: Radar Tower (43%) · Dragon's Teeth (43%) · scout (35%) · solar (35%) · missile truck (30%)

    The standard build makes here, this one skips: 5 blitz

    By 10:00 in all: 8 mex · 22 wind · 1 converter · 1 energy storage · 2 con turret

    The example game in this phase · 78 steps
    1. WhistlerMissile truck
    2. ShellshockerArty
    3. Dragon's TeethDragon's Teeth ×3
    4. ShellshockerArty
    5. Dragon's TeethDragon's Teeth ×2
    6. ShellshockerArty
    7. JanusJanus
    8. StoutStout ×6
    9. Wind ×3
    10. StoutStout ×2
    11. Mex
    12. Construction VehicleCon vehicle ×3
    13. Mex
    14. Construction VehicleCon vehicle
    15. BeamerBeamer
    16. StoutStout ×2
    17. Wind ×2
    18. Con turret
    19. Wind
    20. StoutStout
    21. Advanced Metal ExtractorT2 mexdone 10:17 · typical 9:42
    22. Wind ×4
    23. BeamerBeamer
    24. Wind ×7
    25. Sneaky PeteSneaky Pete
    26. Advanced Metal ExtractorT2 mex
    27. Wind
    28. Con turret
    29. Wind ×2
    30. Vehicle PlantVehicle Plantnot finished by 15:00
    31. Con turret
    32. Advanced Metal ExtractorT2 mex
    33. Energy storage
    34. Wind ×6
    35. Advanced Metal ExtractorT2 mex
    36. Wind ×2
    37. Dragon's TeethDragon's Teeth
    38. RattlesnakeRattlesnakedone 13:49
    39. Dragon's TeethDragon's Teeth
    40. Wind
    41. Dragon's TeethDragon's Teeth ×2
    42. Wind
    43. Dragon's TeethDragon's Teeth ×3
    44. Con turret
    45. Dragon's TeethDragon's Teeth
    46. Converter
    47. Dragon's TeethDragon's Teeth ×4
    48. Converter
    49. Dragon's TeethDragon's Teeth
    50. Converter
    51. Dragon's TeethDragon's Teeth
    52. Converter
    53. Dragon's TeethDragon's Teeth ×3
    54. Sneaky PeteSneaky Pete
    55. Dragon's TeethDragon's Teeth
    56. Converter
    57. Dragon's TeethDragon's Teeth ×4
    58. Wind ×2
    59. Dragon's TeethDragon's Teeth ×3
    60. Wind
    61. Dragon's TeethDragon's Teeth ×3
    62. RattlesnakeRattlesnake
    63. Wind
    64. ChainsawChainsaw
    65. Wind ×7
    66. Dragon's TeethDragon's Teeth ×2
    67. Wind
    68. Dragon's TeethDragon's Teeth ×4
    69. Wind
    70. Dragon's TeethDragon's Teeth ×2
    71. Wind
    72. Dragon's TeethDragon's Teeth ×2
    73. Advanced Metal ExtractorT2 mex
    74. Dragon's TeethDragon's Teeth
    75. Wind
    76. Dragon's TeethDragon's Teeth
    77. Construction BotCon bot
    78. Dragon's TeethDragon's Teeth

Counts are medians over the build's games: half of them build more, half fewer. The example game is Immort's (55 OS, 21/08/2026); pick another.

Team trades

IN AT LEAST 30% OF ITS GAMES

You hand over

Nothing regular.

You get

  • Tidal Generator4 Tidal from Pondfirst at 0:15 · in 70% of games
  • Tidal Generator4 Tidal from Pondfirst at 0:29 · in 30% of games
  • Advanced Construction Bot1 T2 con bot from Geo or Techfirst at 7:20 · in 65% of games

How it plays out

Typical game of this build against the role’s standard build, running totals by minute

  • This build
  • Standard front

Metal produced

010k20k30k
0:005:0010:0015:00

metal

Enemy metal destroyed

05k10k
0:005:0010:0015:00

metal

Own metal lost

05k10k
0:005:0010:0015:00

metal

23 games.

Show as table
ByMetal produced: This buildMetal produced: Standard frontEnemy metal destroyed: This buildEnemy metal destroyed: Standard frontOwn metal lost: This buildOwn metal lost: Standard front
1:003323330000
2:0082284531213131
3:001669162315014162105
4:0027382712573543325333
5:003865386811681199682818
6:00501650781895212011911534
7:00621363282488300618772457
8:00756976623055387125633361
9:00897390873633463832434329
10:0010594106663871532342325062
11:0012570126224571583854575711
12:0015385148345057638557026544
13:0018254174505643702862267287
14:0022004201836010765565428104
15:0023529226697962841477658946
WHAT THE NUMBERS SAY

Won far less often than the standard build, destroying and losing less enemy metal at every checkpoint.

  • + Loses less metal by 15:00 (7853 vs 8949)
  • + Loses less metal early by 5:00 (705 vs 849)
  • − Destroys much less enemy metal by 15:00 (6187 vs 8347)
  • − Team win rate falls to 32% vs standard's 61%
THE EXAMPLE YOU ARE READING

Immort

54.5 OS · 21/08/2026

Open source match ↗

36 received units · includes a constructor
685 metal received · 23197 energy received

Allied construction assistance is unknown. Timings are observations, not a promise of solo reproducibility.

Typical milestones

Vehicle Plant0:42Middle 50%: 0:35–0:48 · n=23
Advanced Metal Extractor9:42Middle 50%: 7:59–10:27 · n=19
Bot Lab11:32Middle 50%: 10:29–13:43 · n=13

Played most by

CentientWaffle7games of this buildImmort6games of this buildKcorp2games of this buildDeathkebab1game of this buildGodmother131game of this build